 Dungeon Crawl Stone Soup version 0.31.0-9-g3a7656b989 (webtiles) character file.

Game seed: 2261460866215543522

44 Zeor the Gusty (level 3, -2/20 HPs)
             Began as a Tengu Air Elementalist on Jan 24, 2024.
             Slain by a ribbon worm (7 damage)
             ... on level 2 of the Dungeon.
             The game lasted 00:04:27 (999 turns).

Zeor the Gusty (Tengu Air Elementalist)              Turns: 999, Time: 00:04:28

Health: -2/20      AC:  4    Str:  8    XL:     3   Next: 62%
Magic:  0/7        EV: 12    Int: 17    God:
Gold:   20         SH:  0    Dex: 14    Spells: 3/6 levels left

rFire   . . .        c - +0 short sword
rCold   . . .        (no shield)
rNeg    . . .        k - +0 leather armour
rPois   .            (helmet restricted)
rElec   .            h - +0 cloak
rCorr   +            (no gloves)
SInv    .            (boots unavailable)
Will    .....        (no amulet)
Stlth   ++           f - ring of resist corrosion
HPRegen 0.23/turn    (no ring)
MPRegen 0.10/turn

%: acrobat
@: no status effects
A: beak, talons 3, acrobatic
a: no special abilities


You were on level 2 of the Dungeon.
You visited 1 branch of the dungeon, and saw 2 of its levels.

You collected 20 gold pieces.

Inventory:

Hand Weapons
 c - a +0 short sword (weapon)
Missiles
 j - 2 throwing nets
Armour
 h - a +0 cloak (worn)
 k - a +0 leather armour (worn)
Jewellery
 f - a ring of resist corrosion (left hand)
Scrolls
 a - a scroll of amnesia {unknown}
 d - a scroll of teleportation
 e - 2 scrolls of blinking
 l - a scroll of identify {unknown}
Potions
 i - a potion of brilliance {unknown}


   Skills:
 * Level 1.0 Fighting
 + Level 0.2 Short Blades
 + Level 2.5 Dodging
 + Level 2.1 Stealth
 + Level 2.4 Spellcasting
 + Level 1.7 Conjurations
 + Level 4.7 Air Magic


You had 3 spell levels left.
You knew the following spells:

 Your Spells              Type           Power      Damage    Failure   Level
d - Static Discharge      Conj/Air       26%        3-5/arc   11%         2
s - Shock                 Conj/Air       52%        1d6       7%          1

Your spell library contained the following spells:

 Spells                   Type           Power      Damage    Failure   Level
 Swiftness                Air            18%        N/A       12%         3
 Airstrike                Air            9%         2d(2-18)  36%         4


Dungeon Overview and Level Annotations

Branches:
Dungeon (2/15)

Altars:


Innate Abilities, Weirdness & Mutations

You have a beak for a mouth.
You have claws for feet.
You can magically evade attacks while moving or waiting.


Message History

The endoplasm is severely wounded.
The lightning grounds out.
The endoplasm is struck by an arc of lightning.
You kill the endoplasm!
The hobgoblin is struck by an arc of lightning.
You kill the hobgoblin!
The lightning grounds out.
The ribbon worm bites you but does no damage.
Your Fighting skill increases to level 1!
Casting: Static Discharge (safe; 11% risk of failure)
Confirm with . or Enter, or press ? or * to list all spells.
The ribbon worm is struck by an arc of lightning.
The ribbon worm is severely wounded.
The ribbon worm is struck by an arc of lightning.
The ribbon worm is moderately wounded.
You are struck by an arc of lightning.
The web tears apart.
The ribbon worm expels a string of sticky webbing.
The stream of webbing hits you but does no damage.
You are caught in a web!
The ribbon worm expels a string of sticky webbing.
The stream of webbing hits you but does no damage.
You are even more entangled.
Your magical contamination has completely faded away.
The web tears apart.
The ribbon worm bites you.
* * * LOW HITPOINT WARNING * * *
The ribbon worm bites you.
* * * LOW HITPOINT WARNING * * *
Unknown command.
It was a potion of curing.
You feel better. The ribbon worm barely misses you. x2
Casting: Static Discharge (safe; 11% risk of failure)
Confirm with . or Enter, or press ? or * to list all spells.
The ribbon worm is struck by an arc of lightning.
The ribbon worm is almost dead.
The ribbon worm is struck by an arc of lightning.
The ribbon worm is heavily wounded.
You are struck by an arc of lightning.
* * * LOW HITPOINT WARNING * * *
The lightning grounds out.
The ribbon worm bites you!
You die...

▒
▒∙∙∙∙∙∙†▒▒▒▒▒▒▒▒
▒ ▒ ▒∙∙∙∙∙∙∙▒ ▒
▒∙∙∙∙∙∙∙▒▒▒▒▒▒▒▒
▒
▒∙∙∙∙∙∙∙∙∙∙∙∙∙∙∙
▒
▒∙∙∙∙∙∙∙∙∙∙∙∙∙∙∙
▒
▒∙∙∙∙∙∙∙∙∙∙∙∙∙∙∙
▒
▒∙∙∙∙∙[∙∙▒∙∙∙∙∙
▒
▒▒▒▒▒▒▒▒†▒∙∙∙∙∙
▒


∙∙∙∙∙∙)Q∙∙∙∙∙∙∙∙ ▒ ∙∙∙$∙∙ww∙∙∙∙∙∙∙∙ ∙∙∙∙∙∙∙∙∙∙∙∙∙$∙∙ ∙∙∙∙∙∙∙∙∙∙∙∙∙∙∙∙
∙∙∙∙∙∙∙∙∙∙∙∙∙∙∙∙ ∙∙∙∙∙∙∙∙∙∙▒▒▒▒▒▒ ∙∙∙∙∙∙∙∙∙∙∙ ∙∙∙∙∙∙∙∙∙∙∙∙ You could see 2
ribbon worms.

Vanquished Creatures
  A dart slug (D:2)
  A ribbon worm (D:2)
  4 endoplasms
  A giant cockroach (D:1)
  3 goblins
  4 hobgoblins
  A quokka (D:2)
  2 ball pythons (D:1)
  5 bats
  2 frilled lizards
  8 kobolds
  3 rats
35 creatures vanquished.

Notes
Turn   | Place    | Note
-------+----------+-------------------------------------------
     0 | D:1      | Zeor the Tengu Air Elementalist began the quest for the
                  | Orb.
     0 | D:1      | Reached XP level 1. HP: 10/10 MP: 4/4
   152 | D:1      | Reached XP level 2. HP: 11/15 MP: 1/6
   202 | D:1      | Learned a level 2 spell: Static Discharge
   709 | D:2      | Reached XP level 3. HP: 20/20 MP: 7/7
   995 | D:2      | Reached skill level 1 in Fighting
   997 | D:2      | HP: 1/20 [ribbon worm (5)]
   999 | D:2      | Slain by a ribbon worm

Illustrated notes

Levels and vault maps discovered:
D:1:      amcnicky_arrival_double_pillar, layout_basic, glass_columns_a
D:2:      layout_basic

Skill      XL: |  1  2  3 |
---------------+----------+-----
Fighting       | 1 |  1.0
Short Blades   | |  0.2
Dodging        | |  2.5
Stealth        | |  2.1
Spellcasting   | |  2.4
Conjurations   | |  1.7
Air Magic      | |  4.7

Action                     || total
---------------------------++-------
  Melee: Short sword       ||    35
         Kick              ||    10
         Peck              ||     4
         Unarmed           ||     1
   Cast: Shock             ||    28
         Static Discharge  ||     9
    Use: Scroll            ||     2
         Potion            ||     2
   Stab: Sleeping          ||     3
 Armour: Robe              ||    23
         Leather armour    ||    19
  Dodge: Dodged            ||    36
